 Dungeon Crawl Stone Soup version 0.31-a0-699-g830162fb6c (webtiles) character file.

Game seed: 15041900945125143057

2070 qw the Skirmisher (level 9, -1/56 HPs)
             Began as a Gargoyle Hunter on Sept 7, 2023.
             Slain by a two-headed ogre
             ... wielding a +0 giant club
              (16 damage)
             ... on level 6 of the Dungeon.
             The game lasted 00:02:35 (5871 turns).

qw the Skirmisher (Gargoyle Hunter)                 Turns: 5871, Time: 00:02:36

Health: -1/56      AC: 10    Str: 16    XL:     9   Next: 26%
Magic:  9/9        EV: 15    Int: 11    God:
Gold:   325        SH:  5    Dex: 23    Spells: 8/8 levels left

rFire   x . .        Y - +1 orcbow
rCold   + . .        (shield currently unavailable)
rNeg    + . .        k - +2 robe {Will+}
rPois   inf          (no helmet)
rElec   +            (no cloak)
rCorr   .            (no gloves)
SInv    .            (no boots)
Will    +....        f - amulet of reflection
Stlth   ++           g - +6 ring of dexterity
HPRegen 0.29/turn    i - ring "Osesmof" {Ice Str+2 Slay+3}
MPRegen 0.11/turn

%: reflection
@: no status effects
A: sickness immunity, AC +6, negative energy resistance 1, electricity
resistance, torment resistance 1, petrification resistance
a: no special abilities


You were on level 6 of the Dungeon.
You visited 1 branch of the dungeon, and saw 7 of its levels.

You collected 325 gold pieces.


Innate Abilities, Weirdness & Mutations

You are immune to sickness and miasma.
Your stone body is resilient. (AC +6)
You are immune to poison.
You resist negative energy. (rN+)
You are resistant to electric shocks. (rElec)
You are resistant to unholy torment.
You are immune to petrification.


   Skills:
 + Level 6.5 Fighting
 - Level 10.0 Ranged Weapons
 - Level 2.4 Armour
 - Level 4.0 Dodging
 - Level 1.1 Stealth


You had 8 spell levels left.
You didn't know any spells.
Your spell library was empty.

Inventory:

Hand Weapons
 Y - a +1 orcbow (weapon)
Armour
 k - a +2 robe of willpower (worn)
Jewellery
 f - an amulet of reflection (around neck)
 g - a +6 ring of dexterity (left hand)
 i - the ring "Osesmof" (right hand) {Ice Str+2 Slay+3}
   (You found it on level 3 of the Dungeon)

   [ring of ice]

   Ice:       It enhances your ice magic.
   Str+2:     It affects your strength (+2).
   Slay+3:    It affects your accuracy & damage with ranged weapons and melee
   (+3).
   rF-:       It makes you vulnerable to fire.
   rC+:       It protects you from cold.
Scrolls
 d - a scroll of identify
Potions
 a - 2 potions of haste
 b - 2 potions of curing
 j - a potion of mutation
 m - a potion of degeneration {unknown}

Dungeon Overview and Level Annotations

Branches:
Dungeon (7/15)
 Temple: D:4-7

Altars:
Fedhas
Hepliaklqana
Makhleb
Ru
Sif Muna
Vehumet

Shops:
D:5 (

Annotations:
D:6 3 runed translucent doors, qw's ghost, novice GrHs


Message History

What level of the Dungeon? (default 7, ? - help)
You climb downwards.
The orc wizard casts a spell at you. The puff of flame hits you!
The fire burns you terribly! You block the two-headed ogre's attack.
The two-headed ogre barely misses you.
The hound barks!
There is a stone staircase leading up here.
5862 |||
Found retreat position at -1,-1 (floor) with 0 blocking monsters and 3 monsters attacking at destination at distance 1
5862 ||| STAIRDANCE The two-headed ogre closely misses you.
The two-headed ogre hits you but does no damage.
The hound closely misses you.
You climb upwards.
Level annotation: 3 runed translucent doors, qw's ghost, novice GrHs
There is a stone staircase leading down here.
You shoot an arrow. The arrow hits the two-headed ogre.
The two-headed ogre is lightly wounded.
You shoot an arrow. The arrow hits the two-headed ogre.
The two-headed ogre is lightly wounded.
The two-headed ogre hits you with a +0 giant club!
The two-headed ogre hits you with a +0 giant spiked club!
You shoot an arrow. The arrow hits the two-headed ogre!
The two-headed ogre is moderately wounded.
The two-headed ogre barely misses you. You block the two-headed ogre's attack.
You shoot an arrow. The arrow hits the two-headed ogre.
The two-headed ogre is moderately wounded.
You shoot an arrow. The arrow hits the two-headed ogre.
The two-headed ogre is heavily wounded.
The two-headed ogre hits you with a +0 giant club!
The two-headed ogre barely misses you.
You shoot an arrow. The arrow hits the two-headed ogre!
The two-headed ogre is heavily wounded.
The two-headed ogre misses you. The two-headed ogre closely misses you.
You shoot an arrow. The arrow hits the two-headed ogre.
The two-headed ogre is severely wounded.
You shoot an arrow. The arrow hits the two-headed ogre!
The two-headed ogre is almost dead.
The two-headed ogre hits you but does no damage.
The two-headed ogre hits you with a +0 giant spiked club!
You die...

#.....#.#######.##
#######.....#..~~~..#.##
#.....#....#..~...~..#.##
#.....###.#...~._.~...#.#
#.....#....#..~...~..#.##
#######.....#.....#..~~~..#.##
#...........'....#.#######..#
#......)....#.[[###.......#.#
##......######.)@#########...#
.#......#........O.........###
.+......#.........##########
.#.....)'.........#
.#.....)#.........#
.#..).).#...##....#
##.))...#...##...##
........#...#######
..).....#.........#


You could see a two-headed ogre.

Vanquished Creatures
  Eustachio (D:4)
  An acid dragon (D:6)
  Pargi (D:4)
  An orc warrior (D:6)
  A centaur (D:5)
  A phantom (D:5)
  Blork the orc (D:4)
  A bullfrog (D:6)
  2 elf skeletons (D:4)
  2 gnoll sergeants (D:6)
  2 scorpions
  5 hounds
  6 orc priests
  2 human skeletons (D:4)
  A sleepcap (D:5)
  6 orc wizards
  2 iguanas (D:5)
  15 gnolls
  8 adders
  A shadow imp (D:5)
  3 ufetubi
  2 dart slugs
  21 orcs
  6 ball pythons
  10 bats
  9 endoplasms
  4 giant cockroaches
  10 goblins
  11 hobgoblins
  9 jackals
  11 kobolds
  4 quokkas
  5 frilled lizards
  An orc skeleton (D:4)
  An orc zombie (D:4)
  8 rats
175 creatures vanquished.

Notes
Turn   | Place    | Note
-------+----------+-------------------------------------------
     0 | D:1      | qw the Gargoyle Hunter began the quest for the Orb.
     0 | D:1      | Reached XP level 1. HP: 12/12 MP: 1/1
     0 | D:1      | 0 ||| qw: Version: 0.3-a-76-g4403597
     0 | D:1      | 0 ||| qw: Game counter: 428
     0 | D:1      | 0 ||| qw: Melee chars always use a shield: true
     0 | D:1      | 0 ||| qw: God list: Okawaru
     0 | D:1      | 0 ||| qw: Allow faded altars: false
     0 | D:1      | 0 ||| qw: Do Orc after clearing Dungeon:15 true
     0 | D:1      | 0 ||| qw: Do second Lair branch before Depths: true
     0 | D:1      | 0 ||| qw: Lair rune preference: random
     0 | D:1      | 0 ||| qw: Goals: Normal
     0 | D:1      | 0 ||| PLANNING D:1-11
    89 | D:1      | Reached XP level 2. HP: 17/17 MP: 2/2
   550 | D:1      | Reached XP level 3. HP: 21/21 MP: 3/3
   587 | D:1      | Reached skill level 5 in Ranged Weapons
   912 | D:1      | 912 ||| UPGRADING to amulet of reflection.
   917 | D:1      | 917 ||| READING 2 scrolls labelled KUYLYA FOYDOPS.
   918 | D:1      | 918 ||| READING scroll labelled LUF GARESATZEO.
   919 | D:1      | 919 ||| READING scroll labelled METRIKLUGHAKEZ.
   920 | D:1      | 920 ||| READING scroll labelled PEUFAUXE AVVI.
   921 | D:1      | 921 ||| DROPPING scroll of blinking.
   922 | D:1      | 922 ||| DROPPING scroll of butterflies.
  1050 | D:2      | Reached XP level 4. HP: 27/27 MP: 4/4
  1069 | D:2      | Reached skill level 3 in Fighting
  1884 | D:3      | Identified the ring "Osesmof" {Ice Str+2 Slay+3}
  1960 | D:3      | Reached XP level 5. HP: 32/32 MP: 5/5
  1970 | D:3      | Reached skill level 6 in Ranged Weapons
  1977 | D:3      | 1977 ||| FLEEEEING.
  1978 | D:3      | 1978 ||| FLEEEEING.
  1979 | D:3      | 1979 ||| FLEEEEING.
  1982 | D:3      | 1982 ||| FLEEEEING.
  1983 | D:3      | 1983 ||| FLEEEEING.
  1984 | D:3      | 1984 ||| FLEEEEING.
  1985 | D:3      | 1985 ||| FLEEEEING.
  1986 | D:3      | 1986 ||| FLEEEEING.
  1987 | D:3      | 1987 ||| FLEEEEING.
  1988 | D:3      | 1988 ||| FLEEEEING.
  1989 | D:3      | 1989 ||| FLEEEEING.
  1990 | D:3      | 1990 ||| FLEEEEING.
  1993 | D:3      | 1993 ||| FLEEEEING.
  1994 | D:3      | 1994 ||| FLEEEEING.
  1995 | D:3      | 1995 ||| FLEEEEING.
  1996 | D:3      | 1996 ||| FLEEEEING.
  1997 | D:3      | 1997 ||| FLEEEEING.
  1998 | D:3      | 1998 ||| FLEEEEING.
  1999 | D:3      | 1999 ||| FLEEEEING.
  2000 | D:3      | 2000 ||| FLEEEEING.
  2001 | D:3      | 2001 ||| FLEEEEING.
  2002 | D:3      | 2002 ||| FLEEEEING.
  2003 | D:3      | 2003 ||| FLEEEEING.
  2004 | D:3      | 2004 ||| FLEEEEING.
  2007 | D:3      | 2007 ||| FLEEEEING.
  2008 | D:3      | 2008 ||| FLEEEEING.
  2009 | D:3      | 2009 ||| FLEEEEING.
  2010 | D:3      | 2010 ||| FLEEEEING.
  2011 | D:3      | 2011 ||| FLEEEEING.
  2012 | D:3      | 2012 ||| FLEEEEING.
  2013 | D:3      | 2013 ||| FLEEEEING.
  2571 | D:3      | 2571 ||| UPGRADING to +0 ring mail.
  2581 | D:3      | 2581 ||| DROPPING +0 leather armour.
  2582 | D:3      | 2582 ||| UPGRADING to +6 ring of dexterity.
  2583 | D:3      | 2583 ||| UPGRADING to ring "Osesmof" {Ice Str+2 Slay+3}.
  2584 | D:3      | 2584 ||| READING scroll labelled BUJAUN YPPULE.
  2585 | D:3      | 2585 ||| DRINKING 2 viscous white potions.
  2586 | D:3      | 2586 ||| READING 3 scrolls of identify.
  2586 | D:3      | 2586 ||| IDENTIFYING smoky ruby potion
  2587 | D:3      | 2587 ||| READING 2 scrolls of identify.
  2587 | D:3      | 2587 ||| IDENTIFYING white potion
  2588 | D:3      | 2588 ||| DROPPING potion of ambrosia.
  2589 | D:3      | 2589 ||| DROPPING potion of attraction.
  2640 | D:4      | 2640 ||| PLANNING OSSUARY
  2909 | D:4      | Reached XP level 6. HP: 36/38 MP: 6/6
  2919 | D:4      | Noticed Blork the orc
  2920 | D:4      | 2920 ||| Stepping ~*~*~tactically~*~*~ (outnumbered).
  2922 | D:4      | 2922 ||| Stepping ~*~*~tactically~*~*~ (retreating).
  2923 | D:4      | 2923 ||| Stepping ~*~*~tactically~*~*~ (retreating).
  2929 | D:4      | 2929 ||| Stepping ~*~*~tactically~*~*~ (retreating).
  2930 | D:4      | 2930 ||| Stepping ~*~*~tactically~*~*~ (retreating).
  2936 | D:4      | HP: 7/38 [Blork the orc/+0 trident (3)]
  2938 | D:4      | Killed Blork the orc
  2943 | D:4      | 2943 ||| Stepping ~*~*~tactically~*~*~ (outnumbered).
  3066 | D:4      | Reached XP level 7. HP: 35/43 MP: 7/7
  3125 | D:4      | Noticed Pargi
  3133 | D:4      | Killed Pargi
  3134 | D:4      | Reached skill level 7 in Ranged Weapons
  3234 | D:4      | 3234 ||| RIP OSSUARY
  3237 | D:4      | 3237 ||| PLANNING D:1-11
  3481 | D:4      | Reached skill level 8 in Ranged Weapons
  3566 | D:4      | Noticed Eustachio
  3567 | D:4      | 3567 ||| Stepping ~*~*~tactically~*~*~ (retreating).
  3588 | D:4      | 3588 ||| FLEEEEING.
  3589 | D:4      | 3589 ||| FLEEEEING.
  3590 | D:4      | 3590 ||| FLEEEEING.
  3591 | D:4      | 3591 ||| FLEEEEING.
  3598 | D:4      | Killed Eustachio
  3599 | D:4      | Reached XP level 8. HP: 37/49 MP: 8/8
  3684 | D:4      | 3684 ||| READING scroll labelled ADEDORH BOWK.
  3688 | D:4      | 3688 ||| READING 2 scrolls of identify.
  3688 | D:4      | 3688 ||| IDENTIFYING blue potion
  3689 | D:4      | 3689 ||| DROPPING potion of brilliance.
  3705 | D:5      | Entered Level 5 of the Dungeon
  3715 | D:5      | Found a shimmering blue altar of Sif Muna.
  3976 | D:5      | Found a radiant altar of Vehumet.
  4018 | D:5      | Found Apraamp's Weapon Shop.
  4289 | D:5      | Reached skill level 9 in Ranged Weapons
  4297 | D:5      | 4297 ||| FLEEEEING.
  4298 | D:5      | 4298 ||| FLEEEEING.
  4300 | D:5      | 4300 ||| FLEEEEING.
  4301 | D:5      | 4301 ||| FLEEEEING.
  4302 | D:5      | 4302 ||| FLEEEEING.
  4303 | D:5      | 4303 ||| FLEEEEING.
  4335 | D:5      | Reached skill level 6 in Fighting
  4417 | D:5      | 4417 ||| SWAPPING to +0 orcbow.
  4418 | D:5      | 4418 ||| DROPPING +0 shortbow.
  4469 | D:5      | Found a burning altar of Makhleb.
  4471 | D:5      | Found a blossoming altar of Fedhas.
  4814 | D:5      | 4814 ||| UPGRADING to +2 robe of willpower.
  4824 | D:5      | 4824 ||| DROPPING +0 ring mail.
  4825 | D:5      | 4825 ||| DRINKING 2 red potions.
  4857 | D:6      | Reached skill level 3 in Dodging
  4945 | D:6      | Found a runed translucent gate.
  4946 | D:6      | Found a runed translucent gate.
  4947 | D:6      | Found a runed translucent gate.
  4949 | D:6      | Noticed qw's ghost (novice GrHs)
  5047 | D:6      | Found a hazy altar of Hepliaklqana.
  5160 | D:6      | Found a sacrificial altar of Ru.
  5171 | D:6      | Reached XP level 9. HP: 55/55 MP: 9/9
  5181 | D:6      | You fall into a shaft and drop 1 floor!
  5185 | D:7      | 5185 ||| DROPPING ring of wizardry.
  5186 | D:7      | 5186 ||| READING scroll labelled GUIK SUOTI.
  5187 | D:7      | 5187 ||| READING scroll labelled OGHUTW VIMA.
  5188 | D:7      | 5188 ||| READING scroll labelled TOBBOMMADUG.
  5189 | D:7      | 5189 ||| READING 2 scrolls of identify.
  5189 | D:7      | 5189 ||| IDENTIFYING pink potion
  5254 | D:6      | Reached skill level 10 in Ranged Weapons
  5339 | D:6      | 5339 ||| READING 2 scrolls of identify.
  5339 | D:6      | 5339 ||| IDENTIFYING smoky brown potion
  5357 | D:7      | 5357 ||| STAIRDANCE
  5368 | D:7      | 5368 ||| STAIRDANCE
  5435 | D:7      | 5435 ||| STAIRDANCE
  5524 | D:7      | 5524 ||| STAIRDANCE
  5630 | D:7      | 5630 ||| STAIRDANCE
  5636 | D:6      | HP: 10/55 [acid dragon (7)]
  5637 | D:6      | 5637 ||| DRINKING potion of heal wounds.
  5641 | D:6      | HP: 2/55 [acid dragon (10)]
  5831 | D:7      | Noticed a two-headed ogre
  5832 | D:7      | 5832 ||| STAIRDANCE
  5862 | D:7      | 5862 ||| STAIRDANCE
  5871 | D:6      | Slain by a two-headed ogre

Levels and vault maps discovered:
D:1:      wander_arrival_peaceful_grave, layout_basic, minmay_small_reverse_x
D:2:      layout_loops_cross, nicolae_the_louvre
D:3:      layout_basic, minmay_joined_circles
D:4:      layout_loops_ring, nicolae_ossuary_entry_catacombs,
          dreamdust_gnoll_farm, uniq_eustachio, uniq_blork_the_orc, uniq_pargi
D:5:      layout_loops_corners, nicolae_vehumet_altar_sigil,
          jmf_multi_god_temple, mainiacjoe_overflow_alcove_1, serial_shops,
          nicolae_shop_back_alley_shop
D:6:      layout_gridville, nicolae_hepliaklqana_hippocampus,
          nicolae_ru_awakened_eye, gammafunk_ghost_necromancy
D:7:      minmay_the_grid_octo_tiled_octocenter [minmay_the_grid_octo_odd_swirl,
          minmay_the_grid_octo_fat_diamond, minmay_the_grid_octo_focus,
          minmay_the_grid_octo_pinwheel, minmay_the_grid_octo_prize_star,
          minmay_the_grid_square_5x5_lines, minmay_the_grid_square_5x5_one_wall,
          minmay_the_grid_square_5x5_hollow_slash,
          minmay_the_grid_square_5x5_beaten_path], layout_rooms,
          nicolae_overflow_hidden_temple, serial_shops, nicolae_shop_trees, shop

Skill      XL: |  1  2  3  4  5  6  7  8  9 |
---------------+----------------------------+-----
Ranged Weapons | 5 6 8 9 10 | 10.0
Fighting       | 3 4 5 6 |  6.5
Armour         | 2 |  2.4
Dodging        | 2 3 4 |  4.0
Stealth        | |  1.1

Action                     |  1- 3 |  4- 6 |  7- 9 || total
---------------------------+-------+-------+-------++-------
   Fire: Shortbow          |   103 |   212 |   211 ||   526
         Orcbow            |       |       |   106 ||   106
    Use: Scroll            |     4 |     3 |     7 ||    14
         Potion            |       |     1 |     2 ||     3
 Armour: Leather armour    |    21 |    42 |       ||    63
         Ring mail         |       |    26 |    67 ||    93
         Robe              |       |       |    62 ||    62
  Dodge: Dodged            |    20 |    42 |   103 ||   165
  Block: Other             |       |    23 |    48 ||    71
         Reflection        |       |       |     1 ||     1

Table legend:
 A = Non-vault XP
 B = Vault XP
 C = Vault XP percentage of total XP
 D = Non-vault monster count
 E = Vault monster count
 F = Vault count percentage of total count
                 A         B        C        D         E       F
            +---------+---------+-------+---------+---------+-------
      Total |    1541 |    1417 |  47.9 |     134 |      41 |  23.4
            +---------+---------+-------+---------+---------+-------
        D:1 |      51 |       8 |  13.6 |      21 |       4 |  16.0
        D:2 |      76 |       0 |   0.0 |      25 |       0 |   0.0
        D:3 |     101 |      33 |  24.6 |      27 |      14 |  34.1
        D:4 |     196 |     805 |  80.4 |      14 |      15 |  51.7
        D:5 |     520 |     122 |  19.0 |      21 |       2 |   8.7
        D:6 |     583 |     449 |  43.5 |      25 |       6 |  19.4
        D:7 |      14 |       0 |   0.0 |       1 |       0 |   0.0
            +---------+---------+-------+---------+---------+-------
